 Dungeon Crawl Stone Soup version 0.22-a0-456-g11ed031 (webtiles) character file.

627 suicidejoker the Skirmisher (level 7, -3/46 HPs)
             Began as a Gargoyle Fighter on June 7, 2018.
             Slain by an ogre
             ... wielding a +0 giant club
              (15 damage)
             ... on level 4 of the Dungeon.
             The game lasted 00:07:52 (3335 turns).

suicidejoker the Skirmisher (Gargoyle Fighter)      Turns: 3335, Time: 00:07:53

Health: -3/46      AC: 16    Str: 18 (19) XL:     7   Next: 47%
Magic:  7/7        EV:  3    Int:  7 (9)  God:
Gold:   184        SH:  9    Dex:  8 (11) Spells: 6/6 levels left

rFire    . . .     SeeInvis .   a - +0 long sword
rCold    . . .     Gourm    .   c - +0 shield
rNeg     + . .     Faith    .   v - +0 plate armour
rPois    ∞         Spirit   .   (no helmet)
rElec    +         Reflect  .   (no cloak)
rCorr    .         Harm     .   (no gloves)
MR       .....     Rnd*Tele +   (no boots)
Stlth    ..........             (no amulet)
HPRegen  0.15/turn              i - ring of teleportation (curse)
MPRegen  0.10/turn              (no ring)

@: no status effects
A: negative energy resistance 1, electricity resistance, unbreathing,
petrification resistance, rot immunity, AC +4
a: no special abilities


You were on level 4 of the Dungeon.
You were not hungry.

You visited 1 branch of the dungeon, and saw 4 of its levels.
You also visited: Sewer.

You collected 184 gold pieces.

Inventory:

Hand Weapons
 a - a +0 long sword (weapon)
Missiles
 e - 49 poisoned needles
 j - 168 stones (quivered)
 n - 90 arrows
 o - 5 curare-tipped needles
 p - 83 sling bullets
Armour
 c - a +0 shield (worn)
 v - a +0 plate armour (worn)
Jewellery
 i - a cursed ring of teleportation (left hand)
Wands
 d - a wand of clouds (8)
Scrolls
 f - 2 scrolls of fear {unknown}
 l - a scroll of amnesia {unknown}
 r - a scroll of immolation {unknown}
 s - 2 scrolls of remove curse {unknown}
 t - 4 scrolls of magic mapping {unknown}
 u - a scroll of enchant weapon {unknown}
 y - a scroll of blinking {unknown}
 B - a scroll of identify {unknown}
Potions
 b - a potion of degeneration
 g - a potion of haste {unknown}
 h - a potion of agility {unknown}
 k - 2 potions of magic {unknown}
 m - a potion of invisibility {unknown}
 q - a potion of lignification {unknown}
 w - 3 potions of flight {unknown}
 x - 2 potions of heal wounds {unknown}
 z - 2 potions of curing {unknown}
Comestibles
 A - 5 rations
 C - a chunk of flesh


   Skills:
 * Level 6.0 Fighting
 * Level 4.4 Long Blades
 + Level 4.8 Armour
 + Level 4.7 Shields


You had 6 spell levels left.
You didn't know any spells.
Your spell library was empty.

Dungeon Overview and Level Annotations

Branches:
Dungeon (4/15)
 Temple: D:4-7

Altars:
Ru

Shops:
D:4 %

Annotations:
D:4 1 runed door


Innate Abilities, Weirdness & Mutations

You are resistant to torment.
Your stone body is resilient. (AC +4)
You are immune to poison.
You resist negative energy. (rN+)
You are resistant to electric shocks. (rElec)
You can survive without breathing.
You are immune to petrification.
You are immune to rotting.


Message History

You hit the ogre.
The ogre is lightly wounded.
The ogre hits you with a giant club!
Your shield and plate armour prevent you from hitting the ogre.
The ogre is lightly wounded.
You block the ogre's attack.
You hit the ogre but do no damage.
The ogre is lightly wounded.
The ogre hits you with a giant club!
* * * LOW HITPOINT WARNING * * *
You are too injured to fight recklessly!
You are too injured to fight recklessly!
You are too injured to fight recklessly!
An ogre is nearby!
An ogre is nearby!
It was a potion of degeneration.
There was something very wrong with that liquid.
You feel weakened.
You feel dopey.
You feel clumsy. The ogre hits you with a giant club!
You die...

#.....# ..... .....
######### ...
........# ...
........# #.#
........# # #O#
........### #@#
...)....... #####.#
..>........ # #.....#
........#<.
##.##.#####
#######.### #........#
#..#.### #####.##.#
#....... #.##.# #.
#..#.### #.##.# #.
#......#
#.##.#####.####..#.#.#


You could see an ogre.

Vanquished Creatures
  Edmund (D:4)
  A big kobold (Sewer)
  An orc priest (D:4)
  3 orc wizards
  Ijyb (D:4)
  4 worker ants
  Robin (D:4)
  4 gnolls (D:4)
  An adder (D:2)
  A river rat (Sewer)
  4 dart slugs
  A worm (D:2)
  4 leopard geckos
  17 orcs
  7 giant cockroaches
  14 goblins
  9 hobgoblins
  A jackal (Sewer)
  4 kobolds
  4 quokkas
  3 ball pythons
  10 bats
  6 frilled lizards
  A quokka skeleton (D:4)
  13 rats
116 creatures vanquished.

Notes
Turn   | Place    | Note
-------+----------+-------------------------------------------
     0 | D:1      | suicidejoker the Gargoyle Fighter began the quest for the Orb.
     0 | D:1      | Reached XP level 1. HP: 14/14 MP: 1/1
   121 | D:1      | Reached XP level 2. HP: 19/19 MP: 2/2
   460 | D:1      | Reached XP level 3. HP: 24/24 MP: 3/3
   723 | D:2      | Reached skill level 4 in Fighting
  1089 | D:2      | Reached XP level 4. HP: 28/29 MP: 4/4
  1802 | D:3      | Reached XP level 5. HP: 24/34 MP: 5/5
  1957 | D:3      | Found a glowing drain.
  1987 | Sewer    | Entered a sewer
  2049 | Sewer    | Noticed a big kobold
  2168 | Sewer    | Killed a big kobold
  2205 | Sewer    | Found a white marble altar of Elyvilon.
  2565 | D:3      | Reached skill level 5 in Fighting
  2565 | D:3      | Reached XP level 6. HP: 31/40 MP: 6/6
  2710 | D:4      | Noticed Ijyb
  2711 | D:4      | Noticed Robin
  2748 | D:4      | Killed Ijyb
  2757 | D:4      | Killed Robin
  2762 | D:4      | Noticed Edmund
  2766 | D:4      | Found a sacrificial altar of Ru.
  2778 | D:4      | Killed Edmund
  2778 | D:4      | Reached XP level 7. HP: 30/44 MP: 7/7
  2811 | D:4      | Found Uqaj's Food Shop.
  3189 | D:4      | Found a runed door.
  3251 | D:4      | Reached skill level 6 in Fighting
  3335 | D:4      | Slain by an ogre

Vault maps used:
D:1:      dpeg_arrival_simpleton_c
D:3:      cheibrodos_sewer_entry_drain
D:4:      first_ration, serial_shops, nicolae_shop_stone, hangedman_ru_absence,
          uniq_robin, uniq_ijyb, uniq_edmund, uniq_crazy_yiuf_cottage
Sewer:    sewer_kobolds

Skill      XL: |  1  2  3  4  5  6  7 |
---------------+----------------------+-----
Long Blades    | 2 3 4 |  4.4
Fighting       | 4 5 6 |  6.0
Armour         | 4 |  4.8
Shields        | 4 |  4.7

Action                   |  1- 3 |  4- 6 |  7- 9 || total
-------------------------+-------+-------+-------++-------
Melee: Long sword        |   174 |   284 |    96 ||   554
  Use: Potion            |       |     1 |     1 ||     2
  Eat: Chunk             |     1 |     2 |     3 ||     6
       Ration            |       |     1 |       ||     1
Armor: Scale mail        |   103 |    19 |       ||   122
       Plate armour      |       |   226 |    84 ||   310
Dodge: Dodged            |    62 |    56 |    15 ||   133
Block: Shield            |    99 |   184 |    78 ||   361
       Rpst.: Long sword |    17 |    20 |     4 ||    41

Table legend:
 A = Spawn XP
 B = Non-spawn XP
 C = Spawn XP percentage of total XP
 D = Spawn monster count
 E = Non-spawn monster count
 F = Spawn count percentage of total count
 G = Total turns spent on level
                    A         B        C        D         E        F      G
               +---------+---------+-------+---------+---------+-------+---------
         Total |       0 |     896 |   0.0 |       0 |     116 |   0.0 |  3335
               +---------+---------+-------+---------+---------+-------+---------
           D:1 |       0 |      42 |   0.0 |       0 |      24 |   0.0 |   563
           D:2 |       0 |      90 |   0.0 |       0 |      23 |   0.0 |  1077
           D:3 |       0 |      99 |   0.0 |       0 |      28 |   0.0 |   693
           D:4 |       0 |     537 |   0.0 |       0 |      32 |   0.0 |   684
         Sewer |       0 |     128 |   0.0 |       0 |       9 |   0.0 |   318
               +---------+---------+-------+---------+---------+-------+---------
